 Dungeon Crawl Stone Soup version 0.31-a0-1388-g4b2ba238e7 (webtiles) character file.

Game seed: 11789208729063271290

4601 jasper the Grappler (level 10, -11/88 (96) HPs)
             Began as a Troll Fighter on Dec 24, 2023.
             Was a Priest of Qazlal.
             Mangled by a wight
             ... wielding a +0 halberd
              (13 damage)
             ... on level 9 of the Dungeon.
             The game lasted 00:11:08 (6733 turns).

jasper the Grappler (Troll Fighter)                 Turns: 6733, Time: 00:11:08

HP:   -11/88 (96)   AC:  4    Str: 30    XL:     10   Next: 19%
MP:   12/12         EV:  9    Int:  4    God:    Qazlal [***...]
Gold: 321           SH: 13    Dex:  9    Spells: 9/9 levels left

rFire   . .          .
                       - Unarmed
rCold   + . .        b - +1 kite shield
rNeg    . . .        a - +0 robe
rPois   .            x - melded +1 hat
rElec   .            (cloak currently unavailable)
rCorr   +            (gloves unavailable)
SInv    .            (boots unavailable)
Will    .....        (no amulet)
Stlth   +            i - ring of protection from cold
HPRegen 1.14/turn    y - ring of resist corrosion
MPRegen 0.13/turn

%: no passive effects
@: beast-form, marked, drained
A: beast (slay +4), large, unfitting armour, claws 3, regeneration 1, shaggy fur
1, tough skin 1
a: Begin Untransformation, Renounce Religion, Upheaval, Elemental Force


You were on level 9 of the Dungeon.
You worshipped Qazlal.
Qazlal was most pleased with you.
You were a hulking beast.
You visited 1 branch of the dungeon, and saw 9 of its levels.

You collected 477 gold pieces.
You spent 156 gold pieces at shops.

Inventory:

Missiles
 d - 15 poisoned darts
 e - 68 stones
 A - 6 boomerangs (quivered)
 E - a throwing net
Armour
 a - a +0 robe (worn)
 b - a +1 kite shield (worn)
 x - a +1 hat (melded)
Jewellery
 i - a ring of protection from cold (left claw)
 m - a +6 ring of intelligence
 y - a ring of resist corrosion (right claw)
 B - a ring of protection from cold
 C - a ring of positive energy
Talismans
 v - a beast talisman (active)
 D - a serpent talisman
Scrolls
 f - 3 scrolls of enchant weapon
 h - 5 scrolls of poison
 l - 4 scrolls of teleportation
 n - a scroll of torment
 o - 3 scrolls of enchant armour
 p - a scroll of amnesia
 r - 2 scrolls of vulnerability {unknown}
 s - a scroll of silence {unknown}
 u - 3 scrolls of fear
 w - 7 scrolls of identify
Potions
 c - a potion of might
 g - 4 potions of curing
 j - a potion of haste
 k - 2 potions of enlightenment {unknown}
 q - a potion of magic {unknown}
 t - a potion of brilliance {unknown}
 z - a potion of lignification {unknown}


   Skills:
 - Level 5.1 Fighting
 - Level 3.0 Throwing
 - Level 2.4 Dodging
 - Level 5.6 Shields
 - Level 8.0 Unarmed Combat
 + Level 5.0 Invocations
 - Level 7.0 Shapeshifting


You had 9 spell levels left.
You didn't know any spells.
Your spell library contained the following spells:

 Spells                   Type           Power      Damage    Failure   Level
 Freeze                   Ice            0%         1d3       71%         1
 Magic Dart               Conj           0%         1d3       71%         1
 Summon Small Mammal      Summ           0%         N/A       71%         1
 Lesser Beckoning         Tloc           0%         N/A       83%         2
 Searing Ray              Conj           0%         2d4       83%         2
 Call Canine Familiar     Summ           0%         N/A       97%         3
 Dazzling Flash           Conj/Hex       0%         N/A       97%         3
 Frozen Ramparts          Ice            0%         1d1       97%         3
 Gell's Gravitas          Tloc           0%         N/A       97%         3
 Hailstorm                Conj/Ice       0%         3d5       97%         3
 Mephitic Cloud           Conj/Alch/Air  0%         N/A       97%         3
 Ozocubu's Armour         Ice            0%         N/A       97%         3
 Sigil of Binding         Hex            0%         N/A       97%         3
 Summon Guardian Golem    Hex/Summ       0%         N/A       97%         3
 Teleport Other           Tloc           0%         N/A       97%         3
 Dimensional Bullseye     Hex/Tloc       0%         N/A       100%        4
 Fulminant Prism          Conj/Alch      0%         3d5       100%        4
 Agony                    Necr           0%         N/A       100%        5
 Metabolic Englaciation   Hex/Ice        0%         N/A       100%        5
 Silence                  Hex/Air        0%         N/A       100%        5
 Simulacrum               Ice/Necr       0%         N/A       100%        6


Dungeon Overview and Level Annotations

Branches:
Dungeon (9/15)             Temple (0/1) D:5
   Lair: D:8-11         Orc: D:9-12

Altars:
Ashenzari
Cheibriados
Dithmenos
Gozag
Kikubaaqudgha
Nemelex Xobeh
Qazlal
Ru
The Shining One

Shops:
D:3 [   D:8 ?


Innate Abilities, Weirdness & Mutations

You are a hulking beast.
Your limbs bulge with bestial killing power. (Slay +4)
You are too large for most types of armour.
You have claws for hands.
Your natural rate of healing is unusually fast.
You are covered in fur. (AC +1)
You have tough skin. (AC +1)


Message History

The wight hits you from afar with a +0 halberd.
The wight barely misses you. You block the killer bee's attack.
You take 10 damage, and have 49/95 hp.
You miss the killer bee.
You feel sick.
You are no longer poisoned.
The killer bee stings you.
An orc wizard comes into view. It is wielding a +0 dagger.
The wight hits you with a +0 falchion!
You feel drained.
You block the wight's attack. x2; The killer bee stings you.
You take 19 damage, and have 30/93 hp.
MASSIVE DAMAGE!!
You closely miss the killer bee. The killer bee barely misses you.
The wight hits you with a +0 falchion. You block the wight's attack.
The wight hits you with a +0 great sword!
* * * LOW HITPOINT WARNING * * *
You feel drained.
* * * LOW HITPOINT WARNING * * *
An orc warrior comes into view. It is wielding a +0 trident.
The killer bee stings you.
* * * LOW HITPOINT WARNING * * *
You take 20 damage, and have 10/90 hp.
MASSIVE DAMAGE!!
Okay, then.
As you read the scroll of fear, it crumbles to dust.
You assume a fearsome visage.
The orc warrior looks frightened!
The orc looks frightened!
The orc wizard looks frightened!
The wight is unaffected. x3; The killer bee looks frightened! x3
The bullfrog looks frightened!
The orc wizard mumbles some strange words.
The orc wizard flickers and vanishes!
You block the wight's attack. x3
Cornered, the killer bee turns to fight! x2
An orc priest comes into view. It is wielding a +0 club.
You feel better. You block the killer bee's attack.
The orc priest calls down the wrath of Beogh upon you.
Beogh smites you!
* * * LOW HITPOINT WARNING * * *
The wight hits you with a +0 falchion.
* * * LOW HITPOINT WARNING * * *
You feel drained.
* * * LOW HITPOINT WARNING * * *
The wight hits you from afar with a +0 halberd!
You die...

#..# #.# #.#
#..#####.######.#
#....oo.........###
#..#.##########.)..
#..#.## #)###
#.o...# #.# #..z#.#
#.# ##zz..# #.#
#h#### ..# #y# ###
#y# #.# # #.#### .#
#y..y## ###.##
#F##..# (.....
#.###y##...###
#.....F......##


You could see a bullfrog (fleeing), 3 killer bees, 3 wights, an orc priest and
an orc (fleeing).

Vanquished Creatures
  Pikel (D:7)
  The ghost of Phlounder the Magician, a novice DjIE of Makhleb (D:5)
  Sigmund (D:2)
  Eustachio (D:3)
  A steam dragon (D:8)
  Duvessa (D:5)
  3 water moccasins
  2 ice beasts
  An orc warrior (D:8)
  2 black bears
  3 sky beasts
  2 centaurs
  A lemure (D:7)
  A phantom (D:4)
  A bullfrog (D:6)
  A gnoll sergeant (D:8)
  A scorpion (D:5)
  8 wights
  Dowan (D:5)
  3 killer bees (D:9)
  A howler monkey (D:5)
  4 bombardier beetles
  9 hounds
  6 orc priests
  3 jellies
  2 iguanas
  7 orc wizards
  14 adders
  5 gnolls (D:8)
  4 white imps
  2 ufetubi (D:5)
  8 worms
  2 dart slugs
  29 orcs
  3 bats (D:2)
  3 endoplasms
  3 giant cockroaches
  6 hobgoblins
  6 jackals
  4 quokkas
  A ball python (D:1)
  4 frilled lizards
  8 goblins
  9 kobolds
  7 rats
186 creatures vanquished.

Vanquished Creatures (others)
  An orc wizard (D:8)
  2 orcs (D:8)
3 creatures vanquished.

Grand Total: 189 creatures vanquished

Notes
Turn   | Place    | Note
-------+----------+-------------------------------------------
     0 | D:1      | jasper the Troll Fighter began the quest for the Orb.
     0 | D:1      | Reached XP level 1. HP: 22/22 MP: 0/0
   176 | D:1      | Reached XP level 2. HP: 28/29 MP: 1/1
   695 | D:2      | Reached XP level 3. HP: 35/36 MP: 2/2
   770 | D:2      | Reached skill level 1 in Throwing
   801 | D:2      | Reached skill level 3 in Unarmed Combat
   841 | D:2      | Reached XP level 4. HP: 44/44 MP: 3/3
  1024 | D:2      | Noticed Sigmund
  1048 | D:2      | Killed Sigmund
  1049 | D:2      | Reached skill level 4 in Unarmed Combat
  1049 | D:2      | Reached XP level 5. HP: 41/53 MP: 4/4
  1425 | D:3      | Found Noeliroa's Antique Armour Boutique.
  1476 | D:3      | Found a broken altar of Ashenzari.
  1476 | D:3      | Found a glowing golden altar of the Shining One.
  1477 | D:3      | Found an opulent altar of Gozag.
  1477 | D:3      | Found a stormy altar of Qazlal.
  1477 | D:3      | Found a sparkling altar of Nemelex Xobeh.
  1479 | D:3      | Found a shadowy altar of Dithmenos.
  1480 | D:3      | Found an ancient bone altar of Kikubaaqudgha.
  1511 | D:3      | Became a worshipper of Qazlal Stormbringer
  1714 | D:3      | You fall into a shaft and drop 2 floors!
  1714 | D:5      | Entered Level 5 of the Dungeon
  1747 | D:5      | Reached XP level 6. HP: 61/61 MP: 5/5
  2266 | D:4      | Noticed Eustachio
  2294 | D:3      | Killed Eustachio
  2295 | D:3      | Reached skill level 5 in Unarmed Combat
  2295 | D:3      | Reached XP level 7. HP: 26/67 MP: 6/6
  2355 | D:4      | Reached * piety under Qazlal
  2879 | D:5      | Reached skill level 6 in Unarmed Combat
  2973 | D:5      | Reached XP level 8. HP: 71/78 MP: 7/7
  3098 | D:5      | Reached skill level 5 in Shields
  3141 | D:5      | Found a runed translucent gate.
  3142 | D:5      | Found a runed translucent gate.
  3143 | D:5      | Found an opulent altar of Gozag.
  3143 | D:5      | Found a runed translucent gate.
  3144 | D:5      | Noticed Phlounder's ghost (novice DjIE)
  3233 | D:5      | Found a stormy altar of Qazlal.
  3364 | D:5      | Found an opulent altar of Gozag.
  3368 | D:5      | Reached ** piety under Qazlal
  3380 | D:5      | Found a staircase to the Ecumenical Temple.
  3388 | D:5      | Reached skill level 7 in Unarmed Combat
  3409 | D:5      | Noticed Dowan
  3409 | D:5      | Noticed Duvessa
  3426 | D:5      | Killed Duvessa
  3429 | D:5      | Killed Dowan
  3861 | D:5      | Killed Phlounder's ghost
  3862 | D:5      | Reached skill level 5 in Fighting
  3862 | D:5      | Reached skill level 8 in Unarmed Combat
  3998 | D:6      | Reached skill level 1 in Shapeshifting
  4017 | D:6      | Reached XP level 9. HP: 67/88 MP: 8/8
  5212 | D:7      | Reached skill level 5 in Shapeshifting
  5252 | D:7      | Noticed Pikel
  5276 | D:7      | Killed Pikel
  5875 | D:7      | Reached skill level 1 in Invocations
  6174 | D:8      | Found a snail-covered altar of Cheibriados.
  6229 | D:8      | Reached XP level 10. HP: 60/96 MP: 11/11
  6323 | D:8      | Reached *** piety under Qazlal
  6366 | D:8      | Found Vuefuy's Magic Scroll Boutique.
  6406 | D:8      | Bought a scroll of teleportation for 39 gold pieces
  6406 | D:8      | Bought a scroll of fear for 52 gold pieces
  6406 | D:8      | Bought a scroll of teleportation for 39 gold pieces
  6406 | D:8      | Bought a scroll of identify for 26 gold pieces
  6442 | D:8      | Found a sacrificial altar of Ru.
  6728 | D:9      | Reached skill level 5 in Invocations
  6733 | D:9      | HP: 4/90 [wight/+0 falchion (6)]
  6733 | D:9      | Mangled by a wight

Illustrated notes

Levels and vault maps discovered:
D:1:      dpeg_arrival_pits, layout_basic, minmay_box_of_dots
D:2:      layout_basic, nicolae_wormholes, uniq_sigmund
D:3:      layout_loops_ring, grunt_temple_overflow_open, serial_shops,
          nicolae_shop_tiny_real_fake_doors
D:4:      layout_gridville, minmay_quadrilaterals, uniq_eustachio
D:5:      minmay_angry_zag, layout_loops_corners,
          minmay_temple_entry_mini_moons, ebering_ghost_gozag, minivault_25,
          hangedman_feature_mirror, uniq_duvessa
D:6:      layout_basic
D:7:      layout_basic, uniq_pikel
D:8:      layout_rooms, nicolae_ru_sacrificial_ziggurat, kennysheep_little_box,
          serial_shops, shop, minmay_misc_feat_roman
D:9:      layout_loops_ring

Skill      XL: |  1  2  3  4  5  6  7  8  9 10 |
---------------+-------------------------------+-----
Shields        | 3 4 5 |  5.6
Throwing       | 1 2 3 |  3.0
Unarmed Combat | 3 4 5 6 8 |  8.0
Fighting       | 3 4 5 |  5.1
Shapeshifting  | 2 7 |  7.0
Invocations    | 3 5 |  5.0
Dodging        | |  2.4

Action                     |  1- 3 |  4- 6 |  7- 9 | 10-12 || total
---------------------------+-------+-------+-------+-------++-------
  Melee: Unarmed           |    70 |   133 |   281 |    57 ||   541
  Throw: Boomerang         |       |       |     1 |       ||     1
    Use: Scroll            |     4 |     7 |     3 |     1 ||    15
         Potion            |       |       |       |     1 ||     1
 Armour: Robe              |    39 |    86 |   133 |    42 ||   300
  Dodge: Dodged            |    17 |    64 |    70 |    17 ||   168
  Block: Kite shield       |    25 |    62 |   148 |    44 ||   279
   Form: Beast             |       |       |     1 |       ||     1

Table legend: (Time is in decaauts)
 A = Elapsed time spent in this place.
 B = Non-inter-level travel time spent in this place.
 C = Inter-level travel time spent in this place.
 D = Time resting spent in this place.
 E = Time spent auto-exploring this place.
 F = Levels seen in this place.
 G = Mean time per level.
                   A        B        C        D        E       F      G
               +--------+--------+--------+--------+--------+-----+--------+
         Total |   6728 |   6469 |    259 |     54 |   4950 |   9 |  747.6 |
       Dungeon |   6728 |   6469 |    259 |     54 |   4950 |   9 |  747.6 |
               +--------+--------+--------+--------+--------+-----+--------+

Top non-repeatable levels by time:
     D:6: 1234 daAuts
     D:5: 1135 daAuts
     D:7: 839 daAuts
     D:3: 727 daAuts
     D:2: 725 daAuts
     D:1: 691 daAuts
     D:4: 649 daAuts
     D:8: 566 daAuts
     D:9: 159 daAuts
